 Dungeon Sprint DCSS version 0.21-a0-59-g7b0e191 (webtiles) character file.

5292 Kidiri the Basher (level 10, -1/111 HPs)
             Began as a Troll Fighter on June 16, 2017.
             Was a High Priest of Wu Jian.
             Killed from afar by a steam dragon (17 damage)
             ... with a ball of steam
             ... in the Dungeon (Sprint VII: "The Pits").
             The game lasted 00:08:46 (1012 turns).

Kidiri the Basher (Troll Fighter)                   Turns: 1012, Time: 00:08:47

Health: -1/111     AC: 12    Str: 28    XL:     10   Next: 37%
Magic:  9/9        EV: 17    Int:  7    God:    Wu Jian [*****.]
Gold:   0          SH:  0    Dex: 10    Spells: 9/9 levels left

rFire    . . .     SeeInvis .   v - +2 dire flail (crush)
rCold    . . .     Gourm    +   (shield currently unavailable)
rNeg     . . .     Faith    .   c - +0 acid dragon scales
rPois    .         Spirit   .   (helmet restricted)
rElec    .         Reflect  .   a - +0 cloak
rCorr    +         Harm     .   (gloves unavailable)
MR       .....     NoTele   +   (boots unavailable)
Stlth    +.........             (no amulet)
HPRegen  0.68/turn              s - +3 ring of evasion
MPRegen  0.11/turn              t - +3 ring of intelligence

@: exhausted, glowing, heavenly storm
A: unfitting armour, claws 3, fast metabolism 3, gourmand, regeneration 1,
shaggy fur 1, tough skin 2
a: Serpent's Lash, Heavenly Storm, Renounce Religion


You were in the Dungeon.
You worshipped Wu Jian.
Wu Jian was extremely pleased with you.
You were completely stuffed.

You visited 1 branch

Inventory:

Hand Weapons
 b - a +0 giant club
 v - a +2 dire flail of crushing (weapon)
Armour
 a - a +0 cloak (worn)
 c - +0 acid dragon scales (worn)
Jewellery
 s - a +3 ring of evasion (left claw)
 t - a +3 ring of intelligence (right claw)
Scrolls
 k - a scroll of blinking
 m - 3 scrolls of remove curse
 n - 5 scrolls of amnesia
 o - a scroll of summoning
Potions
 d - 2 potions of might
 e - 7 potions of curing
 g - 10 potions of heal wounds
 h - a potion of haste
 i - 4 potions of magic
 j - 3 potions of berserk rage
 l - 2 potions of invisibility
 u - 3 potions of brilliance
Comestibles
 f - 9 bread rations
 p - 40 fruits
 q - 7 meat rations
 r - 5 chunks of flesh


   Skills:
 * Level 10.6 Fighting
 * Level 11.2 Maces & Flails
 + Level 7.0 Armour
 * Level 10.5 Dodging
 + Level 4.6 Stealth
   Level 5.1 Shields
 - Level 5.1 Unarmed Combat


You had 9 spell levels left.
You didn't know any spells.

Dungeon Overview and Level Annotations

Branches:
Dungeon (1/1)

Altars:
Ashenzari
Cheibriados
Dithmenos
Elyvilon
Fedhas
Gozag
Hepliaklqana
Kikubaaqudgha
Makhleb
Nemelex Xobeh
Okawaru
Qazlal
Ru
Sif Muna
Trog
Uskayaw
Vehumet
Wu Jian
Xom
Yredelemnul
Zin
The Shining One
Beogh
Jiyva
Lugonu


Innate Abilities, Weirdness & Mutations

You are too large for most types of armour.
You have claws for hands.
Your metabolism is lightning-fast.
You like to eat raw meat.
Your natural rate of healing is unusually fast.
You are covered in fur. (AC +1)
You have very tough skin. (AC +2)


Message History

Your Armour skill increases to level 7!
The merfolk hits you with a trident!
* * * LOW HITPOINT WARNING * * *
Your muscles tense, ready for explosive movement...
Swooosh!
You lunge with incredible momentum at the merfolk in a flurry of attacks.
You impale the merfolk!!
The merfolk is heavily wounded.
You impale the merfolk!!
You kill the merfolk!
The Council accepts your kill.
ZOOOM!
You spin and attack the steam dragon repeatedly.
You puncture the steam dragon!
The steam dragon is moderately wounded.
You hit the steam dragon but do no damage.
The steam dragon is moderately wounded.
The steam dragon breathes steam at you. The ball of steam hits you!
You die...

......# ......+
......+ ......#
......# '######
'################ ###
.#.......)..§§§§###..#
.##.....)...§§§§@#§.#
.####...#+######D§§#
.#..#####)## ##§##
.#....##...# ..#
.'.....#...# .#
.'.[...+...+ .+
.'.....#.).# #
.#....##)%.#
.#..#####)##


You could see a steam dragon.

Vanquished Creatures
  Erolcha (D)
  A death yak (D)
  An orc high priest (D)
  A spiny frog (D)
  A hellwing (D)
  A merfolk (D)
  3 trolls (D)
  A tyrant leech (D)
  A polar bear (D)
  3 yaks (D)
  A wyvern (D)
  A warg (D)
  An acid dragon (D)
  An eye of draining (D)
  A phantom (D)
  5 killer bees (D)
  4 wights (D)
  An orc wizard (D)
  An orc priest (D)
  An iguana (D)
  2 white imps (D)
  2 worms (D)
  2 leopard geckos (D)
  5 orcs (D)
  A giant cockroach (D)
  A goblin (D)
  3 jackals (D)
  3 kobolds (D)
  3 ball pythons (D)
  2 bats (D)
  A rat (D)
56 creatures vanquished.

Notes
Turn   | Place    | Note
-------+----------+-------------------------------------------
     0 | D        | Kidiri the Troll Fighter began the quest for the Orb.
     0 | D        | Reached XP level 1. HP: 22/22 MP: 0/0
    18 | D        | Reached skill level 2 in Maces & Flails
    52 | D        | Found a bloodstained altar of Trog.
    52 | D        | Found a deep blue altar of Sif Muna.
    52 | D        | Found a viscous altar of Jiyva.
    52 | D        | Found a hazy altar of Hepliaklqana.
    52 | D        | Found an opulent altar of Gozag.
    53 | D        | Found a glowing golden altar of the Shining One.
    53 | D        | Found a glowing silver altar of Zin.
    53 | D        | Found a basalt altar of Yredelemnul.
    53 | D        | Found a shimmering altar of Xom.
    53 | D        | Found an ornate altar of the Wu Jian Council.
    53 | D        | Found a sacrificial altar of Ru.
    53 | D        | Found a stormy altar of Qazlal.
    53 | D        | Found an iron altar of Okawaru.
    53 | D        | Found a sparkling altar of Nemelex Xobeh.
    53 | D        | Found a burning altar of Makhleb.
    53 | D        | Found a blossoming altar of Fedhas.
    53 | D        | Found a white marble altar of Elyvilon.
    53 | D        | Found a shadowy altar of Dithmenos.
    53 | D        | Found a snail-covered altar of Cheibriados.
    55 | D        | Found a radiant altar of Vehumet.
    55 | D        | Found a corrupted altar of Lugonu.
    55 | D        | Found a roughly hewn altar of Beogh.
    56 | D        | Found a hide-covered altar of Uskayaw.
    56 | D        | Found an ancient bone altar of Kikubaaqudgha.
    56 | D        | Found a shattered altar of Ashenzari.
    62 | D        | Became a worshipper of the Wu Jian Council
   107 | D        | Reached * piety under Wu Jian
   140 | D        | Reached XP level 2. HP: 29/29 MP: 1/1
   158 | D        | Reached ** piety under Wu Jian
   158 | D        | Reached skill level 1 in Unarmed Combat
   183 | D        | Reached skill level 1 in Armour
   261 | D        | Noticed a warg
   262 | D        | Noticed a phantom
   273 | D        | Killed a warg
   273 | D        | Reached skill level 4 in Maces & Flails
   273 | D        | Reached XP level 3. HP: 7/40 MP: 2/2
   273 | D        | Reached XP level 4. HP: 9/49 MP: 3/3
   277 | D        | Reached *** piety under Wu Jian
   285 | D        | Reached XP level 5. HP: 11/55 MP: 4/4
   365 | D        | Killed a phantom
   365 | D        | Reached skill level 5 in Fighting
   365 | D        | Reached skill level 5 in Maces & Flails
   365 | D        | Reached skill level 5 in Dodging
   412 | D        | Reached **** piety under Wu Jian
   489 | D        | Reached ***** piety under Wu Jian
   489 | D        | Reached XP level 6. HP: 57/66 MP: 5/5
   505 | D        | Noticed a polar bear
   505 | D        | Noticed a hellwing
   509 | D        | Killed a polar bear
   509 | D        | Reached skill level 6 in Maces & Flails
   509 | D        | Reached skill level 1 in Stealth
   513 | D        | Killed a hellwing
   513 | D        | Reached skill level 7 in Maces & Flails
   513 | D        | Reached skill level 5 in Shields
   513 | D        | Reached skill level 5 in Unarmed Combat
   513 | D        | Reached XP level 7. HP: 39/76 MP: 6/6
   659 | D        | Noticed a troll
   659 | D        | Noticed a troll
   662 | D        | Killed a troll
   667 | D        | Killed a troll
   667 | D        | Reached XP level 8. HP: 37/87 MP: 7/7
   745 | D        | Noticed a tyrant leech
   749 | D        | Reached skill level 8 in Maces & Flails
   751 | D        | Reached skill level 5 in Armour
   752 | D        | Killed a tyrant leech
   766 | D        | Reached skill level 9 in Maces & Flails
   767 | D        | Reached XP level 9. HP: 19/97 MP: 8/8
   769 | D        | Noticed a spiny frog
   769 | D        | Reached ****** piety under Wu Jian
   771 | D        | Killed a spiny frog
   903 | D        | Noticed an orc high priest
   903 | D        | Noticed a troll
   905 | D        | Noticed Erolcha
   920 | D        | Killed a troll
   920 | D        | Reached skill level 10 in Maces & Flails
   927 | D        | Killed Erolcha
   933 | D        | Killed an orc high priest
   933 | D        | Reached skill level 10 in Fighting
   933 | D        | Reached skill level 10 in Dodging
   933 | D        | Reached XP level 10. HP: 68/110 MP: 9/9
  1001 | D        | Noticed a death yak
  1011 | D        | Killed a death yak
  1011 | D        | Reached skill level 11 in Maces & Flails
  1012 | D        | Killed from afar by a steam dragon

Vault maps used:
D:        pitsprint

Skill      XL: |  1  2  3  4  5  6  7  8  9 10 |
---------------+-------------------------------+-----
Maces & Flails | 2 4 5 7 9 10 11 | 11.2
Fighting       | 4 5 6 7 8 10 | 10.6
Unarmed Combat | 2 3 5 |  5.1
Armour         | 2 3 4 5 6 7 |  7.0
Dodging        | 4 5 6 7 8 10 | 10.5
Shields        | 3 4 5 |  5.1
Stealth        | 1 2 3 4 |  4.6

Action                   |  1- 3 |  4- 6 |  7- 9 | 10-12 || total
-------------------------+-------+-------+-------+-------++-------
Melee: Unarmed           |    40 |    46 |       |       ||    86
       Mace              |     5 |    26 |       |       ||    31
       Dire flail        |       |       |    63 |    18 ||    81
Invok: Serpent's Lash    |       |     1 |     3 |     1 ||     5
       Heavenly Storm    |       |     1 |     2 |     1 ||     4
  Use: Potion            |     1 |       |       |       ||     1
  Eat: Chunk             |     6 |     4 |     4 |     1 ||    15
Armor: Robe              |    15 |    16 |     6 |       ||    37
       Acid dragon scale |       |       |     4 |       ||     4
Dodge: Dodged            |    14 |    20 |    31 |     3 ||    68
Block: Shield            |    21 |    22 |       |       ||    43
